2032 views
Uploaded 2023-12-23 03:07:35
Game version 1.36 (6115)
11:48 long 1on1 custom game on w3c_s17.1_ConcealedHill
Game name "xz"
Saved by dexon
2032 views
Uploaded 2023-12-23 03:07:35
Game version 1.36 (6115)
11:48 long 1on1 custom game on w3c_s17.1_ConcealedHill
Game name "xz"

26 units @ 3.4k
/ 0.2k
15 buildings @ 1.6k
/ 0.5k


| Scroll of Regeneration | 2 | 200 |
| Lesser Clarity Potion | 1 | 70 |
| Scroll of Healing | 1 | 250 |
| total: | 4 | 520g |
| Peasant | 10 | 750 | / | 0 |
| Footman | 5 | 675 | / | 0 |
| Rifleman | 6 | 1230 | / | 180 |
| Priest | 3 | 405 | / | 30 |
| Sorceress | 2 | 310 | / | 40 |
| total: | 26 | 3370g | / | 250w |
| Scout Tower | 1 | 30 | / | 20 |
| Arcane Tower | 1 | 70 | / | 50 |
| Altar of Kings | 1 | 180 | / | 50 |
| Barracks | 1 | 160 | / | 60 |
| Farm | 7 | 560 | / | 140 |
| Blacksmith | 1 | 140 | / | 60 |
| Lumber Mill | 1 | 120 | / | 0 |
| Arcane Vault | 2 | 260 | / | 60 |
| Arcane Sanctum | 1 | 150 | / | 140 |
| Keep | 1 | 320 | / | 210 |
| total: | 15 | 1600g | / | 530w |
| 0:02 | Peasant |
| 0:02 | Peasant |
| 0:05 | Altar of Kings |
| 0:09 | Barracks |
| 0:12 | Farm |
| 0:24 | Peasant |
| 0:50 | Peasant |
| 0:53 | Farm |
| 1:01 | Peasant |
| 1:12 | Footman |
| 1:14 | Peasant |
| 1:28 | Footman |
| 1:36 | Peasant |
| 1:43 | Peasant |
| 1:58 | Footman |
| 2:00 | Peasant |
| 2:13 | Summon Water Elemental |
| 2:18 | Peasant |
| 2:21 | Farm |
| 2:44 | Keep |
| 3:02 | Blacksmith |
| 3:08 | Lumber Mill |
| 3:18 | Brilliance Aura |
| 3:24 | Arcane Vault |
| 3:32 | Footman |
| 3:40 | Farm |
| 3:46 | Scout Tower |
| 4:15 | Arcane Tower |
| 4:26 | Footman |
| 4:29 | Rifleman |
| 5:03 | Rifleman |
| 5:12 | Farm |
| 5:22 | Scroll of Regeneration |
| 5:38 | Arcane Sanctum |
| 6:04 | Lesser Clarity Potion |
| 6:05 | Scroll of Regeneration |
| 6:10 | Storm Bolt |
| 6:26 | Summon Water Elemental |
| 6:36 | Rifleman |
| 6:37 | Priest |
| 6:39 | Farm |
| 7:25 | Priest |
| 7:26 | Rifleman |
| 7:32 | Scroll of Healing |
| 7:48 | Black Gunpowder |
| 8:03 | Rifleman |
| 8:27 | Sorceress |
| 8:32 | Rifleman |
| 8:35 | Bash |
| 8:53 | Priest |
| 9:02 | Farm |
| 9:34 | Sorceress |
| 9:36 | Arcane Vault |
| 11:06 | Storm Bolt |
| Right click | 563 |
| Select | 246 |
| Select group | 207 |
| Build/train/purchase | 66 |
| Assign group | 28 |
| Misc. action | 17 |
| Use ability | 11 |
| Item give/drop | 3 |
| Remove unit | 2 |
24 units @ 2.2k
/ 0.3k
12 buildings @ 2k
/ 0.9k


| Potion of Healing | 2 | 300 |
| Scroll of Town Portal | 2 | 700 |
| Circlet of Nobility | 1 | 175 |
| total: | 5 | 1175g |
| Wisp | 14 | 840 | / | 0 |
| Archer | 5 | 650 | / | 50 |
| Dryad | 5 | 725 | / | 300 |
| total: | 24 | 2215g | / | 350w |
| Altar of Elders | 1 | 180 | / | 50 |
| Moon Well | 5 | 900 | / | 200 |
| Ancient of War | 1 | 150 | / | 60 |
| Hunter's Hall | 1 | 210 | / | 100 |
| Ancient of Wonders | 1 | 90 | / | 30 |
| Ancient of Lore | 3 | 465 | / | 435 |
| Tree of Ages | 1 | 320 | / | 180 |
| Tree of Eternity | 1 | 330 | / | 200 |
| total: | 12 | 1995g | / | 875w |
| 0:02 | Wisp |
| 0:02 | Wisp |
| 0:06 | Altar of Elders |
| 0:13 | Moon Well |
| 0:20 | Ancient of War |
| 0:29 | Wisp |
| 0:39 | Wisp |
| 0:46 | Wisp |
| 0:50 | Wisp |
| 1:01 | Wisp |
| 1:18 | Wisp |
| 1:20 | Archer |
| 1:31 | Moon Well |
| 1:37 | Wisp |
| 2:12 | Evasion |
| 2:35 | Tree of Ages |
| 2:43 | Archer |
| 2:49 | Archer |
| 3:09 | Hunter's Hall |
| 3:18 | Archer |
| 3:30 | Mana Burn |
| 3:36 | Moon Well |
| 3:52 | Archer |
| 4:04 | Circlet of Nobility |
| 4:28 | Ancient of Wonders |
| 5:01 | Wisp |
| 5:01 | Wisp |
| 5:01 | Wisp |
| 5:02 | Ancient of Lore |
| 5:04 | Ancient of Lore |
| 5:36 | Frost Arrows |
| 5:40 | Mana Burn |
| 5:53 | Ancient of Lore |
| 5:56 | Wisp |
| 5:56 | Wisp |
| 6:18 | Dryad |
| 6:19 | Dryad |
| 7:25 | Abolish Magic |
| 7:25 | Dryad |
| 7:31 | Potion of Healing |
| 7:32 | Scroll of Town Portal |
| 7:52 | Druid of the Claw Adept Training |
| 7:54 | Tree of Eternity |
| 8:13 | Moon Well |
| 8:29 | Moon Well |
| 9:31 | Dryad |
| 10:02 | Forked Lightning |
| 10:05 | Potion of Healing |
| 10:15 | Scroll of Town Portal |
| 10:28 | Druid of the Claw Master Training |
| 11:09 | Dryad |
| Right click | 569 |
| Select | 214 |
| Select group | 150 |
| Build/train/purchase | 67 |
| Use ability | 42 |
| Assign group | 31 |
| Chat | 22 |
| Esc | 2 |